 Dungeon Crawl Stone Soup version 0.30-a0-1124-g6e8f0f562f (webtiles) character file.

Game seed: 17179570232882315835

1001 olmar the Cudgeller (level 8, -4/48 HPs)
             Began as a Gargoyle Fighter on Apr 23, 2023.
             Was an Initiate of Gozag.
             Killed from afar by a steam dragon (24 damage)
             ... with a ball of steam
             ... on level 6 of the Dungeon.
             The game lasted 00:05:22 (4832 turns).

olmar the Cudgeller (Gargoyle Fighter)              Turns: 4832, Time: 00:05:23

Health: -4/48      AC: 14    Str: 29    XL:     8   Next: 20%
Magic:  8/8        EV: 15    Int:  8    God:    Gozag
Gold:   289        SH:  6    Dex:  9    Spells: 7/7 levels left

rFire   . . .        a - +0 flail
rCold   + . .        k - +2 buckler {rC+}
rNeg    + . .        b - +0 scale mail
rPois   ∞            y - +0 helmet
rElec   +            (no cloak)
rCorr   .            (no gloves)
SInv    .            (no boots)
Will    .....        (no amulet)
Stlth   +            f - +6 ring of strength
HPRegen 0.28/turn    w - +5 ring of evasion
MPRegen 0.11/turn

%: no passive effects
@: no status effects
A: sickness immunity, AC +5, negative energy resistance 1, electricity
resistance, torment resistance 1, petrification resistance
a: Renounce Religion, Potion Petition, Call Merchant, Bribe Branch


You were on level 6 of the Dungeon.
You worshipped Gozag.
Gozag was aware of your devotion.
You visited 2 branches of the dungeon, and saw 7 of its levels.

You collected 429 gold pieces.
You spent 91 gold pieces at shops.
You paid 49 gold pieces to Gozag.

Inventory:

Hand Weapons
 a - a +0 flail (weapon)
 t - the +6 dagger "Hade" {drain, Int+3}
   (You found it on level 3 of the Dungeon)

   Int:       It affects your intelligence (+3).
Armour
 b - a +0 scale mail (worn)
 c - a +0 buckler
 e - a +0 chain mail
 k - a +2 buckler of cold resistance (worn)
 y - a +0 helmet (worn)
 A - a +2 buckler
Jewellery
 f - a +6 ring of strength (left hand)
 h - a ring of fire
 u - a ring of wizardry
 w - a +5 ring of evasion (right hand)
Wands
 q - a wand of paralysis (3)
Scrolls
 i - 2 scrolls of enchant armour {unknown}
 j - 4 scrolls of teleportation
 l - a scroll of identify
 m - 3 scrolls of fog {unknown}
 o - 2 scrolls of enchant weapon {unknown}
 r - a scroll of blinking {unknown}
 s - a scroll of magic mapping {unknown}
 v - 2 scrolls of vulnerability {unknown}
 B - a scroll of acquirement {unknown}
 D - a scroll of immolation {unknown}
 E - a scroll of fear
Potions
 d - 4 potions of might
 g - 4 potions of haste
 n - a potion of cancellation
 p - 4 potions of curing
 x - 3 potions of lignification
 z - a potion of invisibility
 C - a potion of attraction {unknown}


   Skills:
 + Level 4.4 Fighting
 + Level 5.9 Maces & Flails
 + Level 1.0 Throwing
 + Level 5.5 Armour
 + Level 1.6 Dodging
 + Level 3.7 Stealth
 - Level 4.7 Shields
 + Level 0.5 Evocations


You had 7 spell levels left.
You didn't know any spells.
Your spell library contained the following spells:

 Spells                   Type           Power      Damage    Failure   Level
 Apportation              Tloc           0%         N/A       71%         1
 Magic Dart               Conj           0%         1d3       71%         1
 Lesser Beckoning         Tloc           0%         N/A       83%         2
 Searing Ray              Conj           0%         2d4       83%         2
 Gell's Gravitas          Tloc           0%         N/A       97%         3
 Teleport Other           Tloc           0%         N/A       97%         3
 Fulminant Prism          Conj/Hex       0%         3d5       100%        4
 Alistair's Intoxication  Tmut/Pois      0%         N/A       100%        5


Dungeon Overview and Level Annotations

Branches:
Dungeon (6/15)             Temple (1/1) D:4

Altars:
Cheibriados
Elyvilon
Gozag
Hepliaklqana
Kikubaaqudgha
Makhleb
Ru
Trog
Uskayaw
Zin
The Shining One

Shops:
D:6 *


Innate Abilities, Weirdness & Mutations

You are immune to sickness and miasma.
Your stone body is resilient. (AC +5)
You are immune to poison.
You resist negative energy. (rN+)
You are resistant to electric shocks. (rElec)
You are resistant to unholy torment.
You are immune to petrification.


Message History

You block the steam dragon's attack. x2
You barely miss the steam dragon.
The steam dragon is moderately wounded.
You are engulfed in a cloud of scalding steam.
The steam dragon closely misses you. The steam dragon completely misses you.
The steam dragon bites you but does no damage.
The steam dragon claws you but does no damage.
You thump the steam dragon!
The steam dragon is severely wounded.
The steam dragon barely misses you. The steam dragon closely misses you.
You hit the steam dragon but do no damage.
The steam dragon is severely wounded.
You block the steam dragon's attack. The steam dragon completely misses you.
You barely miss the steam dragon.
The steam dragon is severely wounded.
The steam dragon breathes steam at you. The ball of steam hits you!
You hit the steam dragon.
The steam dragon is almost dead.
You are engulfed in a cloud of scalding steam.
You block the steam dragon's attack.
The steam dragon claws you but does no damage.
You closely miss the steam dragon.
The steam dragon is almost dead.
You are engulfed in a cloud of scalding steam.
The steam dragon misses you.
The steam dragon claws you but does no damage.
You hit the steam dragon but do no damage.
The steam dragon is almost dead.
You are engulfed in a cloud of scalding steam.
The steam dragon closely misses you.
The steam dragon claws you but does no damage.
You hit the steam dragon but do no damage.
The steam dragon is almost dead.
You block the steam dragon's attack. The steam dragon closely misses you.
The steam dragon breathes steam at you. The ball of steam hits you!!
Ouch! That really hurt!
You die...
Your body crumbles into a pile of gold.

........#...###'###...##.....#...
........#...#≈≈.≈≈######.....#...
........#...#≈#.#≈#...##.....#...
...##...#...#≈.∩.≈#...##.....#...
#####...#...#≈#§#≈#...'......#...
+....'...#§≈§§≈######.....####
######...#######....#......#
...#...........§.......#......#
...#............@...[..#......#
...#.....########D.....#......#
...#.....# ......#.....##
...#.....# #############
...#.....# ...#.....# ...'.....#
####.....## ..........#


You could see a steam dragon (catching breath).

Vanquished Creatures
  A black bear (D:6)
  2 ice beasts
  2 bullfrogs (D:6)
  A gnoll sergeant (D:5)
  2 scorpions
  A howler monkey (D:6)
  A hound (D:6)
  2 jellies (D:6)
  2 sleepcaps
  3 iguanas
  5 gnolls (D:5)
  3 adders
  3 worms
  2 dart slugs
  5 orcs
  5 ball pythons (D:3)
  A bat (D:1)
  4 endoplasms
  4 giant cockroaches
  6 goblins
  7 hobgoblins
  7 kobolds
  5 quokkas
  2 frilled lizards (D:2)
  7 rats
83 creatures vanquished.

Vanquished Creatures (others)
  A plant (D:3)
1 creature vanquished.

Grand Total: 84 creatures vanquished

Notes
Turn   | Place    | Note
-------+----------+-------------------------------------------
     0 | D:1      | olmar the Gargoyle Fighter began the quest for the Orb.
     0 | D:1      | Reached XP level 1. HP: 14/14 MP: 1/1
   103 | D:1      | Reached XP level 2. HP: 19/19 MP: 2/2
   652 | D:2      | Reached XP level 3. HP: 23/23 MP: 3/3
  1356 | D:3      | Reached XP level 4. HP: 29/29 MP: 4/4
  1741 | D:3      | Identified the +6 dagger "Hade" {drain, Int+3}
  1774 | D:3      | Found a faded altar of an unknown god.
  2052 | D:4      | Found a staircase to the Ecumenical Temple.
  2093 | D:4      | Found a white marble altar of Elyvilon.
  2157 | Temple   | Entered the Ecumenical Temple
  2240 | Temple   | Became a worshipper of Gozag Ym Sagoz the Greedy
  2606 | D:4      | Found a sacrificial altar of Ru.
  2941 | D:5      | Entered Level 5 of the Dungeon
  2941 | D:5      | Noticed a scorpion
  2951 | D:5      | Killed a scorpion
  2952 | D:5      | Reached skill level 1 in Stealth
  2952 | D:5      | Reached XP level 5. HP: 33/33 MP: 5/5
  2973 | D:5      | Noticed an ice beast
  2981 | D:5      | Killed an ice beast
  2982 | D:5      | Reached XP level 6. HP: 38/38 MP: 6/6
  3458 | D:5      | Found an ancient bone altar of Kikubaaqudgha.
  3507 | D:5      | Reached skill level 1 in Dodging
  3510 | D:5      | Reached XP level 7. HP: 37/43 MP: 7/7
  4234 | D:6      | Reached skill level 5 in Maces & Flails
  4234 | D:6      | Reached skill level 5 in Armour
  4301 | D:6      | Reached XP level 8. HP: 16/48 MP: 8/8
  4707 | D:6      | Reached skill level 1 in Throwing
  4792 | D:6      | Found Qiqus's General Store.
  4797 | D:6      | Bought a scroll of fear for 52 gold pieces
  4797 | D:6      | Bought a scroll of teleportation for 39 gold pieces
  4832 | D:6      | Killed from afar by a steam dragon

Illustrated notes

Levels and vault maps discovered:
D:1:      eino_arrival_water_cross, layout_loops_ring, kennysheep_minor_cross
D:2:      layout_basic
D:3:      layout_basic, dreamdust_ecumenical_altar_hidden_monk_grotto
D:4:      layout_loops_ring, mainiacjoe_overflow_paths, elyvilon_altar_4,
          minmay_temple_entry_statues_fountains, eino_tiny_chamber
D:5:      layout_basic, overflow_temple_1_default, grunt_decor_fettered
D:6:      layout_gridville, serial_shops, kennysheep_little_box
Temple:   nicolae_temple_figure_eight

Skill      XL: |  1  2  3  4  5  6  7  8 |
---------------+-------------------------+-----
Maces & Flails | 3 4 5 |  5.9
Armour         | 4 5 |  5.5
Stealth        | 1 2 3 |  3.7
Fighting       | 4 |  4.4
Shields        | 4 |  4.7
Dodging        | 1 |  1.6
Throwing       | 1 |  1.0
Evocations     | |  0.5

Action                     |  1- 3 |  4- 6 |  7- 9 || total
---------------------------+-------+-------+-------++-------
  Melee: Flail             |   106 |   139 |   107 ||   352
  Throw: Throwing net      |       |       |     1 ||     1
         Boomerang         |       |       |     1 ||     1
  Evoke: Wand              |       |     4 |       ||     4
    Use: Scroll            |       |     6 |       ||     6
         Potion            |       |     2 |       ||     2
   Stab: Paralysed         |       |    10 |       ||    10
         Invisible         |       |     3 |       ||     3
 Armour: Scale mail        |    41 |    49 |    41 ||   131
  Dodge: Dodged            |    41 |   120 |    77 ||   238
  Block: Buckler           |    28 |    55 |    30 ||   113

Table legend: (Time is in decaauts)
 A = Elapsed time spent in this place.
 B = Non-inter-level travel time spent in this place.
 C = Inter-level travel time spent in this place.
 D = Time resting spent in this place.
 E = Time spent auto-exploring this place.
 F = Levels seen in this place.
 G = Mean time per level.
                   A        B        C        D        E       F      G
               +--------+--------+--------+--------+--------+-----+--------+
         Total |   4918 |   4750 |    168 |     68 |   3691 |   7 |  702.6 |
       Dungeon |   4762 |   4606 |    156 |     68 |   3554 |   6 |  793.7 |
        Temple |    155 |    143 |     12 |      0 |    137 |   1 |  155.0 |
               +--------+--------+--------+--------+--------+-----+--------+

Top non-repeatable levels by time:
     D:5: 1036 daAuts
     D:3: 892 daAuts
     D:6: 822 daAuts
     D:4: 822 daAuts
     D:1: 673 daAuts
     D:2: 514 daAuts
  Temple: 155 daAuts
